 Dungeon Crawl Stone Soup version 0.31-a0-1620-gcbf77bbcfc (webtiles) character file.

Game seed: 10606639300853621841

226608 Flugslaktarn the Warrior (level 18, -2/179 HPs)
             Began as a Minotaur Fighter on Jan 11, 2024.
             Was a High Priest of Cheibriados.
             Slain by Norris
             ... wielding a +3 broad axe of flaming
              (16 damage)
             ... on level 15 of the Dungeon.
             The game lasted 00:21:58 (31939 turns).

Flugslaktarn the Warrior (Minotaur Fighter)        Turns: 31939, Time: 00:21:58

Health: -2/179     AC: 36    Str: 48    XL:     18   Next: 22%
Magic:  0/26       EV: 27    Int: 19    God:    Cheibriados [*****.]
Gold:   1321       SH: 20    Dex: 25    Spells: 17/17 levels left

rFire   . . .        a - +3 broad axe (flame)
rCold   . . .        P - +2 tower shield {AC+3}
rNeg    . . .        N - +7 plate armour of Theory {-Cast Will- rCorr Str+8}
rPois   .            (helmet restricted)
rElec   .            E - +2 cloak
rCorr   +            Q - +2 pair of gloves
SInv    .            (no boots)
Will    +....        G - amulet of guardian spirit Stlth
                     m - ring of willpower
HPRegen 0.49/turn    v - +5 ring of evasion
MPRegen 0.20/turn

%: no spellcasting, guardian spirit
@: mighty, attractive, studying Staves, very slow
A: horns 2, retaliatory headbutt, weak 1
}: 2/15 runes: serpentine, barnacled
a: Renounce Religion, Bend Time, Temporal Distortion, Slouch, Step From Time


You were on level 15 of the Dungeon.
You worshipped Cheibriados.
Cheibriados was extremely pleased with you.
You visited 7 branches of the dungeon, and saw 32 of its levels.
You visited the Abyss 1 time.
You visited 1 bazaar.
You also visited: Ossuary and Gauntlet.

You collected 2565 gold pieces.
You spent 1244 gold pieces at shops.

Inventory:

Hand Weapons
 a - a +3 broad axe of flaming (weapon)
   (You took it off Donald on level 3 of the Shoals)
 b - a +1 dagger of distortion
   (You took it off Sonja on level 10 of the Dungeon)
Missiles
 K - 2 throwing nets (quivered)
Armour
 l - a +2 kite shield of cold resistance
   (You took it off a gnoll sergeant on level 8 of the Dungeon)
 E - a +2 cloak (worn)
   (You found it on level 2 of the Dungeon)
 N - the +7 plate armour of Theory (worn) {-Cast Will- rCorr Str+8}
   (You found it on level 4 of the Lair of Beasts)

   Str+8:     It affects your strength (+8).
   Will-:     It decreases your willpower.
   -Cast:     It prevents spellcasting.
   rCorr:     It protects you from acid and corrosion.
 P - a +2 tower shield of protection (worn)
   (You took it off a naga warrior on level 4 of the Snake Pit)
 Q - a +2 pair of gloves (worn)
   (You bought it in a shop on level 2 of the Orcish Mines)
 T - a +2 plate armour of willpower
   (You took it off an orc warlord on level 1 of the Orcish Mines)
 W - a +2 tower shield of poison resistance
   (You took it off a naga warrior on level 2 of the Snake Pit)
Jewellery
 c - a ring of protection from cold
   (You found it on level 1 of the Shoals)
 j - a +4 ring of slaying
   (You took it off a merfolk on level 4 of the Shoals)
 k - a ring of resist corrosion
   (You found it on level 9 of the Dungeon)
 m - a ring of willpower (left hand)
   (You found it on level 5 of the Dungeon)
 p - a +4 ring of protection
   (You found it on level 4 of the Shoals)
 v - a +5 ring of evasion (right hand)
   (You found it on level 7 of the Dungeon)
 G - an amulet of guardian spirit (around neck)
   (You found it on level 1 of the Lair of Beasts)
 I - a ring of ice
   (You found it in a Gauntlet)
Wands
 e - a wand of charming (5)
   (You found it in a Gauntlet)
 g - a wand of digging (5)
   (You found it on level 8 of the Dungeon)
 i - a wand of mindburst (7)
   (You found it on level 13 of the Dungeon)
 D - a wand of iceblast (22)
   (You found it on level 5 of the Dungeon)
Scrolls
 f - 4 scrolls of vulnerability
 r - 2 scrolls of identify
 t - a scroll of teleportation
 u - a scroll of revelation
 z - 2 scrolls of blinking
 C - a scroll of enchant armour
 H - 2 scrolls of fear
 O - 2 scrolls of summoning
 X - a scroll of immolation
 Z - a scroll of silence
Potions
 d - 4 potions of might
 h - a potion of haste
 n - a potion of resistance
 q - 8 potions of curing
 s - 2 potions of lignification
 A - a potion of magic
 B - a potion of enlightenment
 M - 2 potions of cancellation
 R - 2 potions of attraction
 U - a potion of ambrosia
 Y - 7 potions of mutation
Miscellaneous
 F - a condenser vane
   (You found it in an ossuary)
 L - a lightning rod (4/4)
   (You found it in a Gauntlet)


   Skills:
 + Level 20.3 Fighting
 - Level 18.0 Axes
 + Level 19.2 Armour
 + Level 16.3 Dodging
 - Level 7.7 Shields
 - Level 12.0 Invocations


You had 17 spell levels left.
You didn't know any spells.
Your spell library contained the following spells:

 Spells                   Type           Power      Damage    Failure   Level
 Kiss of Death            Conj/Necr      0%         2d5       75%         1
 Magic Dart               Conj           0%         1d3       75%         1
 Shock                    Conj/Air       0%         1d3       75%         1
 Blink                    Tloc           0%         N/A       86%         2
 Call Imp                 Summ           0%         N/A       86%         2
 Cigotuvi's Dreadful Rot  Necr/Alch/Air  0%         N/A       86%         2
 Mercury Vapours          Alch/Air       0%         N/A       86%         2
 Scorch                   Fire           0%         2d5       86%         2
 Confusing Touch          Hex            0%         N/A       98%         3
 Fugue of the Fallen      Necr           0%         N/A       98%         3
 Gell's Gravitas          Tloc           0%         N/A       98%         3
 Inner Flame              Hex/Fire       0%         N/A       98%         3
 Mephitic Cloud           Conj/Alch/Air  0%         N/A       98%         3
 Ozocubu's Armour         Ice            0%         N/A       98%         3
 Swiftness                Air            0%         N/A       98%         3
 Volatile Blastmotes      Fire/Tloc      0%         2d10      98%         3
 Airstrike                Air            0%         2d(0-16)  100%        4
 Dispel Undead            Necr           0%         3d6       100%        4
 Ignite Poison            Fire/Alch      0%         N/A       100%        4
 Manifold Assault         Tloc           0%         N/A       100%        4
 Vhi's Electric Charge    Tloc/Air       0%         N/A       100%        4
 Arcjolt                  Conj/Air       0%         1d10      100%        5
 Fireball                 Conj/Fire      0%         3d3       100%        5
 Freezing Cloud           Conj/Ice/Air   0%         6-21      100%        5
 Plasma Beam              Fire/Air       0%         2x1d10    100%        6
 Ignition                 Fire           0%         3d3       100%        8
 Maxwell's Capacitive Co  Air            0%         ∞         100%        8


Dungeon Overview and Level Annotations

Branches:
Dungeon (15/15)            Temple (1/1) D:4            Lair (5/5) D:8
 Shoals (4/4) Lair:3        Snake (4/4) Lair:2        Slime (0/5) Lair:5
    Orc (2/2) D:12            Elf (0/3) Orc:2        Depths (1/4) D:15
Ossuary (visited)         Gauntlet (visited)
 Vaults: D:13-14

Altars:
Ashenzari
Cheibriados
Dithmenos
Elyvilon
Fedhas
Gozag
Hepliaklqana
Kikubaaqudgha
Makhleb
Nemelex Xobeh
Okawaru
Qazlal
Ru
Sif Muna
Trog
Uskayaw
Vehumet
Wu Jian
Xom
Yredelemnul
Zin
The Shining One
Jiyva

Shops:
D:12 :   D:13 [   Orc:2 [(*:   Shoals:2 *

Annotations:
D:15 exclusion: 4 doors, Norris
Lair:1 exclusion: oklob plant
Orc:1 4 transporters


Innate Abilities, Weirdness & Mutations

You have a pair of horns on your head.
You reflexively headbutt those who attack you in melee.
You are weak. (Str -2)


Message History

* * * LOW HITPOINT WARNING * * *
You are too injured to fight recklessly!
You are too injured to fight recklessly!
Okay, then.
As you read the scroll of fear, it crumbles to dust.
You assume a fearsome visage.
Norris easily resists.
The frost giant looks frightened!
You are engulfed in freezing vapours.
* * * LOW HITPOINT WARNING * * *
Norris calls down the wrath of his god upon you.
Something gnaws heavily on your mind!
* * * LOW HITPOINT WARNING * * *
You feel your power leaking away.
Unknown command.
You feel much better. Norris hits you but does no damage.
Norris mumbles some strange prayers to his god against you.
The torrent of water misses you.
The wave splashes down.
Splash!
You fall into the shallow water.
Moving in this stuff is going to be slow.
Norris hits you with a +3 broad axe of flaming!!
* * * LOW HITPOINT WARNING * * *
Norris burns you!
* * * LOW HITPOINT WARNING * * *
You hear a shout! x4; You hear a roar!
Blink to where?
Press: ? - help, Dir - move target
As you read the scroll of blinking, it crumbles to dust.
Okay, then.
You feel much better.
You feel much better.
Okay, then.
Norris invokes the aid of his god against you.
Something gnaws heavily on your mind!
* * * LOW HITPOINT WARNING * * *
You feel your power leaking away.
Unknown command.
Magic courses through your body.
Norris calls down the wrath of his god upon you.
Something gnaws on your mind!
* * * LOW HITPOINT WARNING * * *
You feel your power leaking away.
You can feel time thicken for a moment.
Norris flows with the water.
You step out of the flow of time.
You return to the normal time flow.
Cheibriados lowers the support of your attributes as your movement quickens.
Things that are here:
+0 fire dragon scales; a fire dragon skeleton
Okay, then.
You start resting.
Norris is nearby!
Norris is nearby!
Unknown command.
Aiming: Mindburst
Press: ? - help, Shift-Dir - straight line, f - Norris
Aim: Norris, wielding a +3 broad axe of flaming (chance to affect: 0%) Norris resists with almost no effort.
You feel very mighty all of a sudden.
Norris flows with the water.
You feel attractive to monsters.
Norris's watery aura covers the escape hatch in the ceiling.
Norris is attracted toward you.
You are too injured to fight recklessly!
You are too injured to fight recklessly!
You slash Norris! You burn Norris. You headbutt Norris.
Norris is lightly wounded.
You are too injured to fight recklessly!
You slice Norris!! You burn Norris.
Norris is moderately wounded.
Norris hits you with a +3 broad axe of flaming!!
* * * LOW HITPOINT WARNING * * *
Norris burns you.
* * * LOW HITPOINT WARNING * * *
You are too injured to fight recklessly!
You slash Norris! You burn Norris.
Norris is moderately wounded.
Norris hits you with a +3 broad axe of flaming.
* * * LOW HITPOINT WARNING * * *
You are afflicted by dizzying energies!
You are confused.
Norris burns you.
* * * LOW HITPOINT WARNING * * *
Norris attacks as he pursues you!
Norris hits you with a +3 broad axe of flaming!
* * * LOW HITPOINT WARNING * * *
Norris burns you.
* * * LOW HITPOINT WARNING * * *
Splash!
You fall into the shallow water.
Moving in this stuff is going to be slow.
Norris closely misses you.
Norris's watery aura covers the staircase to the Depths.
You feel better.
Norris invokes the aid of his god against you.
Something gnaws heavily on your mind!
* * * LOW HITPOINT WARNING * * *
You feel your power leaking away.
You slice Norris!! You burn Norris.
Norris is heavily wounded.
Norris hits you with a +3 broad axe of flaming!
You die...
Norris says, "I'll see you on the other side, friend."

##########
#..~@~...#
#.)~@~~..#
#.<[~~~.##
#...~~~##
#..#...#
#.....##
#.#.#..#
#.....##
#..#..###


You could see Norris.

Vanquished Creatures
  Nikola (Shoals:2)
  A bone dragon (Abyss:4)
  2 tentacled starspawn (Abyss:4)
  A storm dragon (Shoals:4)
  Donald (Shoals:3)
  Ilsuiw (Shoals:2)
  2 orc warlords
  3 very ugly things
  A stone giant (Depths:1)
  A white draconian (Abyss:4)
  A minotaur (Gauntlet)
  An ettin (D:15)
  9 merfolk impalers
  8 merfolk javelineers
  2 fire dragons (D:15)
  Harold (D:11)
  Erolcha (D:12)
  2 hydras
  2 merfolk avatars
  7 salamander tyrants
  An alligator snapping turtle (Shoals:4)
  5 boulder beetles
  4 catoblepae
  Erica (D:11)
  4 anacondas
  3 centaur warriors
  6 merfolk aquamancers (Shoals:4)
  3 two-headed ogres
  A tengu warrior (D:13)
  11 death yaks
  2 satyrs
  7 naga warriors
  A thrashing horror (Abyss:4)
  16 naga sharpshooters
  An occultist (D:15)
  An orc high priest (Orc:2)
  5 shock serpents
  4 skeletal warriors (D:15)
  Sonja (D:10)
  9 skysharks
  A wretched star (Gauntlet)
  10 salamander mystics
  A flayed ghost (Abyss:4)
  11 sea snakes
  A glowing orange brain (Abyss:4)
  6 naga ritualists
  13 mana vipers
  A lindwurm (Snake:4)
  14 harpies
  Pikel (D:5)
  3 orc knights (Orc:2)
  7 orc sorcerers
  10 fauns
  5 ugly things
  5 cyclopes
  21 salamanders
  8 manticores
  An apocalypse crab (Lair:3)
  11 water nymphs
  9 naga magi
  14 elephants
  7 merfolk sirens
  25 black mambas
  7 kobold blastminers
  2 gargoyles
  8 guardian serpents
  3 unseen horrors
  Maggie (D:7)
  10 cane toads
  A large abomination (Abyss:4)
  12 komodo dragons
  5 rime drakes
  A freezing wraith (D:15)
  5 yaktaurs (D:15)
  2 tengu conjurers
  6 trolls
  26 merfolk
  2 polar bears
  An iron giant simulacrum (Abyss:4)
  3 hornets
  14 wind drakes
  Grinder (D:3)
  6 raiju (Abyss:4)
  4 snapping turtles
  16 blink frogs
  3 slime creatures (D:14)
  4 air elementals (Shoals:4)
  70 yaks
  5 shadows
  A vampire (D:11)
  6 wraiths
  7 basilisks
  15 water elementals
  2 wyverns
  4 steam dragons
  3 vampire mosquitoes
  Grum (D:10)
  4 wargs
  24 nagas
  Menkaure (D:5)
  15 water moccasins
  3 acid dragons
  3 black bears
  22 orc warriors
  3 ogres
  9 wolves
  8 centaurs
  An elf zombie (Ossuary)
  3 kobold brigands
  A lemure (D:5)
  2 gnoll sergeants
  2 small abominations
  4 scorpions
  10 bullfrogs
  7 wights
  2 killer bees (D:5)
  A howler monkey (D:8)
  An electric eel (Lair:2)
  A bombardier beetle (D:4)
  3 hounds
  15 orc priests
  2 human zombies (Ossuary)
  2 jellies
  3 sleepcaps
  Natasha (thrice) (D:3)
  14 orc wizards
  7 hell rats (Lair:5)
  5 hound zombies (Ossuary)
  2 mummies (Ossuary)
  7 gnolls
  6 adders
  A white imp (D:6)
  An ufetubus (D:4)
  10 adder zombies (Ossuary)
  A ribbon worm (D:4)
  2 dart slugs
  53 orcs
  5 bats
  5 endoplasms
  2 giant cockroaches
  4 goblins
  6 hobgoblins
  4 quokkas
  8 ball pythons
  4 frilled lizards
  2 gnoll zombies (Ossuary)
  6 jackal zombies (Ossuary)
  20 kobolds
  8 kobold zombies (Ossuary)
  3 orc zombies (Ossuary)
  5 rats
  2 butterflies (Lair:1)
  3 starspawn tentacles (Abyss:4)
927 creatures vanquished.

Vanquished Creatures (others)
  A salamander (Snake:4)
  2 merfolk
  A snapping turtle (Shoals:4)
  A steam dragon (D:6)
  2 nagas (Snake:4)
  4 starspawn tentacles (Abyss:4)
11 creatures vanquished.

Grand Total: 938 creatures vanquished

Notes
Turn   | Place    | Note
-------+----------+-------------------------------------------
     0 | D:1      | Flugslaktarn the Minotaur Fighter began the quest for the
                  | Orb.
     0 | D:1      | Reached XP level 1. HP: 19/19 MP: 0/0
   197 | D:1      | Reached XP level 2. HP: 27/27 MP: 1/1
   268 | D:1      | Reached skill level 4 in Fighting
   932 | D:2      | Reached XP level 3. HP: 23/34 MP: 2/2
  1684 | D:3      | Noticed Grinder
  1700 | D:3      | Killed Grinder
  1701 | D:3      | Reached skill level 5 in Fighting
  1701 | D:3      | Reached XP level 4. HP: 26/42 MP: 3/3
  1701 | D:3      | Reached XP level 5. HP: 30/48 MP: 4/4
  1890 | D:3      | Noticed Natasha
  1896 | D:3      | Killed Natasha
  1897 | D:3      | Reached XP level 6. HP: 56/56 MP: 5/5
  2034 | D:3      | Found a faded altar of an unknown god.
  2079 | D:3      | Noticed Natasha
  2085 | D:3      | Killed Natasha
  2126 | D:3      | Noticed Natasha
  2131 | D:3      | Killed Natasha
  2132 | D:3      | Reached skill level 5 in Axes
  2245 | D:4      | Reached skill level 6 in Fighting
  2312 | D:4      | Found a sand-covered staircase.
  2343 | Ossuary  | Entered an ossuary
  2514 | Ossuary  | Reached skill level 5 in Shields
  2537 | Ossuary  | Reached skill level 5 in Armour
  2577 | Ossuary  | Reached XP level 7. HP: 62/64 MP: 6/6
  2957 | D:4      | Reached skill level 7 in Fighting
  3168 | D:4      | Found a staircase to the Ecumenical Temple.
  3260 | Temple   | Entered the Ecumenical Temple
  3289 | Temple   | Became a worshipper of Cheibriados the Contemplative
  3789 | D:5      | Entered Level 5 of the Dungeon
  3796 | D:5      | Reached skill level 1 in Invocations
  3836 | D:5      | Identified the +6 sling of the Warrior-Mage {freeze, rElec
                  | rF+ Str+2}
  3950 | D:5      | Noticed Menkaure
  3957 | D:5      | Killed Menkaure
  3958 | D:5      | Reached XP level 8. HP: 11/73 MP: 8/8
  4477 | D:5      | Noticed Pikel
  4495 | D:5      | Killed Pikel
  4496 | D:5      | Reached skill level 8 in Fighting
  5064 | D:5      | Reached * piety under Cheibriados
  5231 | D:5      | Reached XP level 9. HP: 65/82 MP: 10/10
  5646 | D:6      | Reached ** piety under Cheibriados
  5743 | D:6      | Reached skill level 9 in Fighting
  6258 | D:7      | Found a hide-covered altar of Uskayaw.
  6266 | D:7      | Reached skill level 5 in Invocations
  6596 | D:7      | Reached XP level 10. HP: 92/93 MP: 13/13
  6602 | D:7      | Reached skill level 10 in Fighting
  6655 | D:7      | Noticed Maggie
  6667 | D:7      | Killed Maggie
  6667 | D:7      | Reached *** piety under Cheibriados
  7196 | D:7      | Reached skill level 10 in Axes
  7405 | D:8      | Found a staircase to the Lair.
  7607 | D:8      | Found a stormy altar of Qazlal.
  7667 | D:8      | Found an iron altar of Okawaru.
  7674 | D:8      | Found a blossoming altar of Fedhas.
  7676 | D:8      | Found an ancient bone altar of Kikubaaqudgha.
  7793 | D:8      | Found a radiant altar of Vehumet.
  7907 | D:8      | Found a burning altar of Makhleb.
  7910 | D:8      | Found a broken altar of Ashenzari.
  8267 | D:9      | Reached skill level 1 in Dodging
  8465 | D:9      | Reached **** piety under Cheibriados
  8936 | D:9      | Found an opulent altar of Gozag.
  8937 | D:9      | Found a glowing silver altar of Zin.
  9170 | D:10     | Entered Level 10 of the Dungeon
  9176 | D:10     | Noticed Grum
  9186 | D:10     | Killed Grum
  9188 | D:10     | Reached skill level 11 in Fighting
  9327 | D:10     | Reached XP level 11. HP: 98/102 MP: 15/15
  9339 | D:10     | Identified the +0 ring mail "Binu" {Slay+3}
 10267 | D:10     | Noticed Sonja
 10270 | D:10     | Killed Sonja
 10570 | D:11     | Noticed a two-headed ogre
 10580 | D:11     | Killed a two-headed ogre
 10649 | D:11     | Noticed Harold
 10661 | D:11     | Killed Harold
 10954 | D:11     | Reached ***** piety under Cheibriados
 11045 | D:11     | Found a frozen archway.
 11625 | D:11     | Noticed a two-headed ogre
 11625 | D:11     | Noticed a centaur warrior
 11628 | D:11     | Killed a two-headed ogre
 11629 | D:11     | Killed a centaur warrior
 11688 | D:11     | Noticed Erica
 11701 | D:11     | Killed Erica
 12327 | Lair:1   | Entered Level 1 of the Lair of Beasts
 12352 | Lair:1   | Reached skill level 5 in Dodging
 12606 | Lair:1   | Reached skill level 12 in Fighting
 12631 | Lair:1   | Reached XP level 12. HP: 112/112 MP: 17/17
 12662 | Lair:1   | Reached skill level 10 in Armour
 13546 | Lair:2   | Noticed a boulder beetle
 13573 | Lair:2   | Killed a boulder beetle
 14036 | Lair:2   | Found a staircase to the Snake Pit.
 14046 | Lair:2   | Reached ****** piety under Cheibriados
 14746 | Lair:3   | Found a gate leading to a gauntlet.
 14755 | Gauntlet | Entered a Gauntlet
 14755 | Gauntlet | Found a transporter.
 14764 | Gauntlet | Found a transporter.
 14777 | Gauntlet | Noticed a four-headed hydra
 14781 | Gauntlet | Found a transporter.
 14784 | Gauntlet | Found a transporter.
 14791 | Gauntlet | Noticed a great orb of eyes
 14804 | Gauntlet | Found a transporter.
 14817 | Gauntlet | Found a transporter.
 14830 | Gauntlet | Found a transporter.
 14850 | Gauntlet | Found a transporter.
 14854 | Gauntlet | Found a transporter.
 14862 | Gauntlet | Found a transporter.
 14890 | Gauntlet | Found a transporter.
 14890 | Gauntlet | Found a transporter.
 15080 | Gauntlet | Identified the +2 pair of gloves "Meuxzygu" {*Slow Int+4
                  | Dex+4 SInv}
 15202 | Gauntlet | Noticed a minotaur
 15211 | Gauntlet | Killed a minotaur
 15212 | Gauntlet | Reached skill level 13 in Fighting
 15222 | Gauntlet | Got Zysis's Enchiridion on Pyromania
 15317 | Lair:3   | Found a staircase to the Shoals.
 15344 | Lair:3   | Reached XP level 13. HP: 99/122 MP: 13/18
 15550 | Lair:3   | Identified the +2 dagger of Triumph {heavy, Str+3}
 15600 | Lair:3   | Reached skill level 15 in Axes
 16371 | Lair:4   | Identified the +7 plate armour of Theory {-Cast Will- rCorr
                  | Str+8}
 17222 | Lair:5   | Entered Level 5 of the Lair of Beasts
 17307 | Lair:5   | Identified the +0 robe "Ivarud" {Fly Dex+4}
 17466 | Lair:5   | Reached skill level 10 in Invocations
 17693 | Lair:5   | Reached skill level 14 in Fighting
 17969 | Lair:5   | Reached XP level 14. HP: 132/132 MP: 20/20
 18265 | Lair:5   | Got Poyhog's Papyrus of the Translocational Storm
 18548 | Lair:5   | Found a viscous altar of Jiyva.
 18548 | Lair:5   | Found a staircase to the Slime Pits.
 19273 | D:12     | Noticed Erolcha
 19279 | D:12     | Killed Erolcha
 19516 | D:12     | Found Runud's Book Emporium.
 19630 | D:12     | Found a staircase to the Orcish Mines.
 19654 | D:12     | Found a shimmering blue altar of Sif Muna.
 20033 | Orc:1    | Entered Level 1 of the Orcish Mines
 20081 | Orc:1    | Found a burning altar of Makhleb.
 20092 | Orc:1    | Noticed an orc warlord
 20094 | Orc:1    | Paralysed by an orc sorcerer for 4 turns
 20106 | Orc:1    | Killed an orc warlord
 20355 | Orc:1    | Found an ornate altar of the Wu Jian Council.
 20360 | Orc:1    | Found a transporter.
 20371 | Orc:1    | Found a transporter.
 20389 | Orc:1    | Found a transporter.
 20408 | Orc:1    | Found a transporter.
 20408 | Orc:1    | Found an ornate altar of the Wu Jian Council.
 20408 | Orc:1    | Noticed an orc warlord
 20570 | Orc:1    | You fall into a shaft and drop 1 floor!
 20570 | Orc:2    | Entered Level 2 of the Orcish Mines
 20616 | Orc:2    | Noticed an orc warlord
 20627 | Orc:2    | Found Isiff's Antique Armour Shoppe.
 21112 | Orc:2    | Found a staircase to the Elven Halls.
 21132 | Orc:2    | Killed an orc warlord
 21249 | Orc:2    | Found Weroifedd's Book Shoppe.
 21302 | Orc:2    | Found Refunuu's Antique Weapon Shoppe.
 21324 | Orc:2    | Bought a pair of glowing gloves for 217 gold pieces
 21608 | Orc:2    | Found Ufeutid's General Store.
 22082 | Snake:1  | Entered Level 1 of the Snake Pit
 22089 | Lair:2   | Reached skill level 15 in Fighting
 22108 | Lair:2   | Reached skill level 10 in Dodging
 22109 | Lair:2   | Reached XP level 15. HP: 114/141 MP: 18/22
 23178 | Snake:4  | Entered Level 4 of the Snake Pit
 23299 | Snake:4  | Reached skill level 16 in Fighting
 23316 | Snake:4  | Reached skill level 15 in Armour
 23776 | Snake:4  | Reached XP level 16. HP: 152/152 MP: 24/24
 24196 | Snake:4  | Reached skill level 17 in Fighting
 24529 | Snake:4  | Got a serpentine rune of Zot
 24937 | Shoals:1 | Entered Level 1 of the Shoals
 25247 | Shoals:1 | Found a gateway to a bazaar.
 25283 | Bazaar   | Entered a bazaar
 25285 | Bazaar   | Found Jekoasiw's Book Boutique.
 25289 | Bazaar   | Found Yvvur's Assorted Antiques.
 25289 | Bazaar   | Found Osirisk's Antique Weapon Boutique.
 25290 | Bazaar   | Found Guese Wigho's General Store.
 25300 | Bazaar   | Bought a scroll of blinking for 285 gold pieces
 25305 | Bazaar   | Bought a potion of heal wounds for 55 gold pieces
 25305 | Bazaar   | Bought 2 potions of heal wounds for 110 gold pieces
 25305 | Bazaar   | Bought a scroll of teleportation for 33 gold pieces
 25305 | Bazaar   | Bought a scroll of teleportation for 33 gold pieces
 25305 | Bazaar   | Bought a potion of enlightenment for 55 gold pieces
 25310 | Bazaar   | Bought a scroll of fear for 152 gold pieces
 25310 | Bazaar   | Bought a potion of ambrosia for 304 gold pieces
 25341 | Shoals:2 | Found Tafussob's Assorted Antiques.
 25343 | Shoals:2 | Noticed Nikola
 25348 | Shoals:2 | Noticed Ilsuiw
 26059 | Shoals:3 | Noticed Donald
 26060 | Shoals:3 | Reached skill level 18 in Fighting
 26074 | Shoals:3 | Killed Donald
 26912 | Shoals:1 | Reached XP level 17. HP: 132/166 MP: 22/25
 27254 | Shoals:2 | Killed Ilsuiw
 27427 | Shoals:2 | Killed Nikola
 27564 | Shoals:2 | Identified the orb "Ujetov" {light, MP-9 SInv Summ}
 27612 | Shoals:4 | Entered Level 4 of the Shoals
 27612 | Shoals:4 | Found a blossoming altar of Fedhas.
 28041 | Shoals:4 | Paralysed by an air elemental for 1 turns
 28043 | Shoals:4 | Paralysed by an air elemental for 1 turns
 28181 | Shoals:4 | Reached skill level 19 in Fighting
 28392 | Shoals:4 | Paralysed by an air elemental for 1 turns
 28450 | Shoals:4 | Reached skill level 15 in Dodging
 28914 | Shoals:4 | Paralysed by an air elemental for 1 turns
 28950 | Shoals:4 | Got a barnacled rune of Zot
 30171 | Lair:3   | Gained mutation: You are weak. (Str -2) [mutagenic glow]
 30257 | Abyss:4  | Cast into level 4 of the Abyss (unwielding a weapon of
                  | distortion)
 30320 | Abyss:4  | Noticed a bone dragon
 30342 | Abyss:4  | Killed a bone dragon
 30470 | Lair:3   | Escaped the Abyss
 30836 | D:13     | Found Kirsasp's Dragon-Slaying Spoils.
 31233 | D:15     | Entered Level 15 of the Dungeon
 31248 | D:15     | Reached skill level 20 in Fighting
 31261 | D:15     | Reached XP level 18. HP: 178/178 MP: 26/26
 31532 | D:15     | Found a staircase to the Depths.
 31844 | Depths:1 | Entered Level 1 of the Depths
 31846 | Depths:1 | Noticed Norris
 31882 | Depths:1 | Noticed a caustic shrike
 31900 | D:15     | HP: 8/179 [Norris/+3 broad axe of flaming (31)]
 31900 | D:15     | HP: 2/179 [Norris/+3 broad axe of flaming (6)]
 31939 | D:15     | Slain by Norris

Illustrated notes

Levels and vault maps discovered:
D:1:      saegor_arrival_simple_d, layout_loops_cross
D:2:      layout_basic, minmay_distorted
D:3:      layout_rooms, dilly_ecumenical_altar_fadedgnrine, uniq_natasha,
          uniq_grinder
D:4:      minmay_inner_zag, layout_gridville, minmay_temple_entry_nine_rooms,
          enter_ossuary_1
D:5:      layout_loops_cross, minmay_manual_mullet, uniq_menkaure, uniq_pikel
D:6:      layout_rooms
D:7:      layout_basic, mainiacjoe_overflow_boulevard, serial_curves,
          eino_curves_04, eino_curves_03, eino_curves_01, eino_curves_03,
          uniq_maggie
D:8:      layout_cave_pools, grunt_qazlal_clouds, mainiacjoe_overflow_alcove_2,
          minitemple, lair_entry_dummy
D:9:      layout_basic, grunt_temple_overflow_gold_and_silver,
          blue_anna_alchemist, nicolae_nh_ransacked_shop
D:10:     layout_basic, serial_glass, glass_columns_a, glass_columns_a,
          uniq_grum, uniq_sonja
D:11:     layout_loops_corners, portal_ice_cave_rime, uniq_erica, uniq_harold
D:12:     layout_roguey, orc_0_dummy, serial_shops, nicolae_shop_behind_doors,
          serial_library, serial_library_hellmonk_open_cross,
          serial_library_hellmonk_junction, serial_library_hellmonk_statue_hall,
          serial_library_hellmonk_u_bend, serial_library_hellmonk_hallway_a,
          serial_library_hellmonk_small_alcove,
          serial_library_hellmonk_layered_room, uniq_erolcha
D:13:     layout_gridville, grunt_vaults_entry_fortified, serial_shops,
          nicolae_shop_behind_doors, nicolae_shop_dragon_depot
D:14:     layout_cave_pools, serial_shops, shop, dreamdust_deal_with_the_devil
D:15:     hangedman_slaughterboxes, serial_shops
Temple:   nicolae_temple_godzebo
Lair:1:   minmay_lair_oklob_tunnel, layout_misc_corridors, lemuel_fruit_fields,
          grunt_megastairs_2, lemuel_fruit_fields
Lair:2:   layout_gridlike, guppyfry_snake_entry_garden,
          infiniplex_staircase_pool_2
Lair:3:   layout_cellular_growth, shoals_dummy_entry, gauntlet_entry_generic,
          lemuel_fruit_fields
Lair:4:   layout_regular_city, cheibrodos_lair_caveside_slide,
          beast_lair_carwin_9
Lair:5:   evilmike_catoblepas_cave, layout_cave_pods, dpeg_slime_entry_enclosed,
          infiniplex_staircase_pool
Shoals:1: layout_shoals, serial_shops, bzr_entry_islet
Shoals:2: layout_shoals, serial_shops, nicolae_shop_trees, uniq_ilsuiw,
          uniq_nikola
Shoals:3: layout_shoals, ebering_ghost_gozag, uniq_donald
Shoals:4: shoals_end_hellmonk_storm_palace [storm_palace_center_ruins,
          storm_palace_corner_altar, storm_palace_corner_reverse_hut,
          storm_palace_corner_grid, storm_palace_corner_altar], serial_shops
Snake:1:  layout_concentric_octagons, nicolae_snake_the_dead_are_slithering
Snake:2:  layout_concentric_octagons, serial_shops, nicolae_stop_n_shop_2
Snake:3:  layout_grid_maze, special_room, basic_altar, uniq_louise
Snake:4:  snake_pit_salamanders_mu, layout_rooms, drop_trap
Orc:1:    dreamdust_wu_jian_sword_trials, layout_diamond_mine, bloody_makhleb,
          uniq_josephine
Orc:2:    grunt_orc_cross, layout_caves
Depths:1: minmay_the_grid_3x3 [minmay_the_grid_garden,
          minmay_the_grid_outer_circle, minmay_the_grid_embedded,
          minmay_the_grid_tri_star, minmay_the_grid_gridbox,
          minmay_the_grid_holed_spiral, minmay_the_grid_plusring,
          minmay_the_grid_aliased_spiral,
          minmay_the_grid_prize_shrinking_boxes], layout_cave_pools,
          enter_ziggurat_d, grunt_metal_band, enter_trove_0,
          nicolae_concentric_dashed_squares_wild, trog_three_pillars_becter,
          uniq_norris

Skill      XL: |  1  2  3  4  5  6  7  8  9 10 11 12 13 14 15 16 17 18 |
---------------+-------------------------------------------------------+-----
Fighting       | 4 5 6 7 8 9 11 12 13 14 15 16 18 20 | 20.3
Axes           | 3 4 5 6 8 9 11 13 14 16 18 | 18.0
Shields        | 4 5 6 7 |  7.7
Armour         | 4 5 6 7 8 9 11 12 13 15 17 18 19 | 19.2
Invocations    | 1 3 5 6 8 9 10 11 12 | 12.0
Dodging        | 2 5 7 8 10 12 14 15 16 | 16.3

Action                     |  1- 3 |  4- 6 |  7- 9 | 10-12 | 13-15 | 16-18 || total
---------------------------+-------+-------+-------+-------+-------+-------++-------
  Melee: War axe           |   110 |    69 |   269 |   473 |   639 |   531 ||  2091
         Headbutt          |     8 |    12 |    48 |   123 |   178 |   181 ||   550
         Broad axe         |       |       |       |       |       |   180 ||   180
 Invoke: Slouch            |       |       |       |       |     8 |    10 ||    18
         Step From Time    |       |       |       |       |       |     2 ||     2
  Evoke: Lightning rod     |       |       |       |       |       |     3 ||     3
         Wand              |       |       |       |       |       |     3 ||     3
         Condenser vane    |       |       |       |       |       |     1 ||     1
    Use: Scroll            |       |       |    21 |     6 |     7 |    20 ||    54
         Potion            |       |       |       |     2 |     2 |    17 ||    21
   Stab: Invisible         |       |       |       |     4 |       |       ||     4
         Petrified         |       |       |       |       |     2 |       ||     2
         Confused          |       |       |       |       |       |     2 ||     2
 Armour: Scale mail        |    55 |       |       |       |       |       ||    55
         Quicksilver drago |    13 |    79 |   217 |   251 |       |       ||   560
         Plate armour      |       |       |       |     2 |   329 |   494 ||   825
         Swamp dragon scal |       |       |       |       |    29 |       ||    29
  Dodge: Dodged            |    49 |    45 |   119 |   236 |   431 |   695 ||  1575
  Block: Buckler           |    36 |    16 |    81 |    10 |       |       ||   143
         Kite shield       |       |       |       |   329 |   415 |       ||   744
         Tower shield      |       |       |       |       |   238 |  1149 ||  1387

Table legend: (Time is in decaauts)
 A = Elapsed time spent in this place.
 B = Non-inter-level travel time spent in this place.
 C = Inter-level travel time spent in this place.
 D = Time resting spent in this place.
 E = Time spent auto-exploring this place.
 F = Levels seen in this place.
 G = Mean time per level.
                   A        B        C        D        E       F      G
               +--------+--------+--------+--------+--------+-----+--------+
         Total |  46901 |  42089 |   4812 |   4959 |  29833 |  36 | 1302.8 |
       Dungeon |  20495 |  18251 |   2244 |   1358 |  14492 |  15 | 1366.3 |
        Temple |     66 |      3 |     63 |      0 |      0 |   1 |   66.0 |
          Lair |  11971 |  10510 |   1461 |    485 |   8795 |   5 | 2394.2 |
        Shoals |   5927 |   5219 |    708 |   2048 |   1463 |   4 | 1481.8 |
     Snake Pit |   3517 |   3265 |    252 |    749 |   1639 |   4 |  879.2 |
  Orcish Mines |   3199 |   3119 |     80 |    172 |   2611 |   2 | 1599.5 |
        Depths |     23 |     23 |      0 |      0 |      0 |   1 |   23.0 |
         Abyss |    297 |    297 |      0 |     18 |     74 |   1 |  297.0 |
        Bazaar |    104 |    104 |      0 |      0 |     61 |   1 |  104.0 |
       Ossuary |    532 |    532 |      0 |      0 |    337 |   1 |  532.0 |
      Gauntlet |    764 |    764 |      0 |    129 |    360 |   1 |  764.0 |
               +--------+--------+--------+--------+--------+-----+--------+

Top non-repeatable levels by time:
  Lair:5: 2938 daAuts
  Lair:3: 2894 daAuts
    D:11: 2639 daAuts
    D:10: 2454 daAuts
  Lair:2: 2264 daAuts
Shoals:3: 2111 daAuts
  Lair:1: 2107 daAuts
     D:5: 2077 daAuts
Shoals:4: 2015 daAuts
     D:9: 1937 daAuts
 Snake:4: 1857 daAuts
  Lair:4: 1766 daAuts
   Orc:2: 1692 daAuts
     D:7: 1602 daAuts
    D:12: 1564 daAuts
